 Dungeon Crawl Stone Soup version 0.30-a0-802-gb92711bcdf (webtiles) character file.

Game seed: 7441643227782202509

347 cforsyth the Sneak (level 6, 0/38 HPs)
             Began as a Kobold Brigand on Feb 24, 2023.
             Succumbed to an orc wizard's poison
             ... on level 4 of the Dungeon.
             The game lasted 00:07:49 (4347 turns).

cforsyth the Sneak (Kobold Brigand)                 Turns: 4347, Time: 00:07:50

Health: 0/38       AC:  4    Str:  8    XL:     6   Next: 90%
Magic:  6/6        EV: 16    Int: 13    God:
Gold:   9          SH:  0    Dex: 18    Spells: 5/5 levels left

rFire   . . .      SeeInvis .    a - +2 dagger
rCold   . . .      Faith    .    (no shield)
rNeg    . . .      Spirit   .    b - +0 robe
rPois   .          Reflect  .    (no helmet)
rElec   .          Harm     .    q - +0 cloak {rCorr}
rCorr   +          Rampage  .    t - +0 pair of gloves
Will    .....                    (no boots)
Stlth   +++++                    (no amulet)
HPRegen 0.26/turn                (no ring)
MPRegen 0.10/turn                (no ring)

@: mighty, brilliant, lethally poisoned (0 -> -4), invisible
A: small, no large weapons, nightstalker 3
a: no special abilities


You were on level 4 of the Dungeon.
You visited 1 branch of the dungeon, and saw 5 of its levels.

You collected 178 gold pieces.
You spent 169 gold pieces at shops.

Inventory:

Hand Weapons
 a - a +2 dagger (weapon)
Missiles
 d - 16 poisoned darts (quivered)
 e - 3 curare-tipped darts
Armour
 b - a +0 robe (worn)
 c - a +0 cloak
 q - a +0 cloak of preservation (worn)
 t - a +0 pair of gloves (worn)
Jewellery
 h - a ring of fire
 s - a ring of magical power
 w - a +6 ring of strength
 x - a +6 ring of dexterity
Scrolls
 i - 8 scrolls of identify {unknown}
 m - a scroll of enchant weapon {unknown}
 n - 2 scrolls of fog {unknown}
 p - 3 scrolls of teleportation
 r - a scroll of amnesia {unknown}
 u - a scroll of fear {unknown}
Potions
 f - 2 potions of brilliance
 g - 2 potions of might
 j - 2 potions of invisibility
 k - 2 potions of resistance {unknown}
 l - 3 potions of mutation {unknown}
 o - 2 potions of lignification {unknown}
 v - a potion of ambrosia {unknown}


   Skills:
 + Level 4.1 Fighting
 + Level 4.9 Short Blades
 - Level 2.1 Throwing
 + Level 3.9 Dodging
 + Level 7.2 Stealth


You had 5 spell levels left.
You didn't know any spells.
Your spell library contained the following spells:

 Spells                   Type           Power      Damage    Failure   Level
 Freeze                   Ice            0%         1d3       30%         1
 Frozen Ramparts          Ice            0%         1d1       67%         3
 Hailstorm                Conj/Ice       0%         3d3       67%         3


Dungeon Overview and Level Annotations

Branches:
Dungeon (5/15)
 Temple: D:4-7

Altars:
Okawaru

Shops:
D:1 *   D:4 (*?*

Annotations:
D:2 1 runed translucent door, Crazy Yiuf
D:3 1 runed translucent door, Eustachio; tarna41's ghost, amateur SpCj


Innate Abilities, Weirdness & Mutations

You are small and have problems with some larger weapons.
You are completely attuned to the shadows.


Message History

The orc hits you but does no damage.
You hit the orc wizard but do no damage.
The orc wizard is moderately wounded.
You feel sick. The orc wizard closely misses you.
The orc hits you but does no damage. The orc closely misses you.
You hit the orc wizard but do no damage.
The orc wizard is moderately wounded.
You feel sick. The orc wizard closely misses you.
The orc hits you with a +0 hand axe. The orc hits you with a +0 war axe!
You hit the orc wizard.
The orc wizard is heavily wounded.
You hit the orc wizard.
The orc wizard is severely wounded.
You feel sick.
The orc wizard hits you with a +2 dagger of venom.
You are more poisoned.
The orc closely misses you. x2
You closely miss the orc wizard.
The orc wizard is severely wounded.
You feel sick.
The orc wizard points at you and mumbles some strange words.
The magic dart hits you. The orc misses you. The orc closely misses you.
You hit the orc wizard.
You kill the orc wizard!
You feel sick. The orc hits you with a +0 hand axe.
* * * LOW HITPOINT WARNING * * *
The orc misses you.
It was a potion of brilliance.
You feel clever all of a sudden.
* * * LOW HITPOINT WARNING * * *
You feel sick. The orc hits you with a +0 hand axe.
* * * LOW HITPOINT WARNING * * *
The orc misses you.
It was a potion of might.
You feel very mighty all of a sudden.
* * * LOW HITPOINT WARNING * * *
You feel sick. The orc closely misses you. The orc barely misses you.
It was a potion of invisibility.
You fade into invisibility!
You die...

###### #....# ##'##.#########
##≈.≈#.........###
###≈≈.≈≈#.....8....#
#.+..∩..'......o.).##############
..#≈≈.≈≈#.......@...............#
.###≈.≈#........o....##########.#
....#'#...........∩.....# #.#
#####..................## #.#
####........)...<..# #.#
#####'########.....# #.# #...)..#
#....8# #.# #......# ###..## #.#
### #......# ##.# #.#


You could see 2 orcs.

Vanquished Creatures
  An ogre (D:4)
  A phantom (D:4)
  A howler monkey (D:4)
  An orc wizard (D:4)
  6 adders
  A worm (D:2)
  4 orcs
  7 bats
  7 endoplasms
  3 giant cockroaches
  4 hobgoblins
  4 jackals
  4 kobolds
  A quokka (D:1)
  10 ball pythons
  A frilled lizard (D:1)
  4 goblins
  8 rats
68 creatures vanquished.

Notes
Turn   | Place    | Note
-------+----------+-------------------------------------------
     0 | D:1      | cforsyth the Kobold Brigand began the quest for the Orb.
     0 | D:1      | Reached XP level 1. HP: 12/12 MP: 1/1
    40 | D:1      | Found Puthru's Assorted Antiques.
   160 | D:1      | Reached XP level 2. HP: 18/18 MP: 2/2
   518 | D:1      | Reached XP level 3. HP: 22/22 MP: 3/3
   924 | D:2      | Found a faded altar of an unknown god.
  1154 | D:2      | Found a runed translucent door.
  1157 | D:2      | Noticed Crazy Yiuf
  1278 | D:2      | Identified the +5 quarterstaff "Plog" {heavy, rPois rF+
                  | Will+ Stlth+}
  1408 | D:2      | Reached skill level 6 in Stealth
  1408 | D:2      | Reached XP level 4. HP: 27/27 MP: 4/4
  2095 | D:3      | Found a runed translucent door.
  2216 | D:3      | Found an iron altar of Okawaru.
  2335 | D:3      | Noticed tarna41's ghost (amateur SpCj)
  2370 | D:4      | Found Moshreh's Magic Scroll Boutique.
  2384 | D:4      | Found Siepess's Assorted Antiques.
  2460 | D:4      | Reached XP level 5. HP: 32/32 MP: 5/5
  2467 | D:4      | Noticed Eustachio
  2838 | D:4      | Noticed an ogre
  2840 | D:4      | Killed an ogre
  2841 | D:4      | Reached XP level 6. HP: 37/37 MP: 6/6
  2859 | D:4      | Found Marimutz's General Store.
  2959 | D:1      | Bought a scroll labelled JIRYGA QIEXT for 28 gold pieces
  2959 | D:1      | Bought a grey potion for 25 gold pieces
  2959 | D:1      | Bought a scroll labelled HENNOU MIMAGAT for 28 gold pieces
  2959 | D:1      | Bought a scroll labelled JIRYGA QIEXT for 28 gold pieces
  3014 | D:4      | Bought a bubbling red potion for 20 gold pieces
  3014 | D:4      | Bought an emerald potion for 20 gold pieces
  3014 | D:4      | Bought a grey potion for 20 gold pieces
  3227 | D:5      | Entered Level 5 of the Dungeon
  3888 | D:4      | Found Pimuaf's Antique Weapon Emporium.
  3890 | D:4      | Reached skill level 7 in Stealth
  4346 | D:4      | HP: 1/38 [poisoned by an orc wizard]
  4347 | D:4      | Succumbed to an orc wizard's poison

Illustrated notes

Levels and vault maps discovered:
D:1:      wander_arrival_desolate, layout_basic, serial_shops, shop
D:2:      layout_rooms, nicolae_ecumenical_pavilion, minmay_indecisive_spiral,
          uniq_crazy_yiuf_cottage
D:3:      layout_basic, general_overflow_altar, ebering_ghost_sewer_d
D:4:      layout_basic, serial_shops, nicolae_shop_hallway_plus,
          nicolae_shop_crystal, shop, nicolae_stop_n_shop_1,
          nicolae_kite_square_tiling_tiny, uniq_eustachio
D:5:      layout_cave_pools, pdpol_wu_jian_five_deadly_venoms

Skill      XL: |  1  2  3  4  5  6 |
---------------+-------------------+-----
Short Blades   | 3 4 |  4.9
Dodging        | 2 3 |  3.9
Stealth        | 6 7 |  7.2
Fighting       | 3 4 |  4.1
Throwing       | |  2.1

Action                     |  1- 3 |  4- 6 || total
---------------------------+-------+-------++-------
  Melee: Dagger            |    62 |   117 ||   179
         Punch             |     1 |       ||     1
    Use: Scroll            |       |     1 ||     1
         Potion            |       |     3 ||     3
   Stab: Sleeping          |    24 |    11 ||    35
         Distracted        |       |     1 ||     1
 Armour: Robe              |     9 |    36 ||    45
  Dodge: Dodged            |    26 |   109 ||   135

Table legend: (Time is in decaauts)
 A = Elapsed time spent in this place.
 B = Non-inter-level travel time spent in this place.
 C = Inter-level travel time spent in this place.
 D = Time resting spent in this place.
 E = Time spent auto-exploring this place.
 F = Levels seen in this place.
 G = Mean time per level.
                   A        B        C        D        E       F      G
               +--------+--------+--------+--------+--------+-----+--------+
         Total |   4322 |   4046 |    276 |    985 |   2350 |   5 |  864.4 |
       Dungeon |   4322 |   4046 |    276 |    985 |   2350 |   5 |  864.4 |
               +--------+--------+--------+--------+--------+-----+--------+

Top non-repeatable levels by time:
     D:4: 1520 daAuts
     D:3: 1125 daAuts
     D:1: 931 daAuts
     D:2: 725 daAuts
     D:5: 20 daAuts
